 Dungeon Crawl Stone Soup version bcrawl-1.39.2 (webtiles) character file.

Game seed: 7169248299384280400

8356233 Grijm the Peltast (level 20, -10/209 HPs)
             Began as a Purple Draconian Reaver on Oct 7, 2023.
             Was the Champion of Vehumet.
             Mangled by a brown very ugly thing (17 damage)
             ... on level 2 of the Vaults on Oct 13, 2023.
             The game lasted 03:41:38 (48343 turns).

Grijm the Peltast (Purple Draconian Reaver)        Turns: 48343, Time: 03:41:38

Health: -10/209    AC:  3    Str: 14    XL:     20   Next: 19%
Magic:  32/36      EV: 10    Int: 22    God:    Vehumet [******]
Gold:   2458       SH: 20    Dex: 11    Spells: 9/43 levels left

rFire    + . .     GDR:     36% a - +4 rapier (elec)
rCold    . . .     SeeInvis .   r - +3 medium shield {AC+3}
rNeg     + . .     Gourm    .   (armour unavailable)
rPois    ∞         Faith    .   Y - +2 hat
rElec    +         Spirit   .   S - +2 cloak {+Inv}
rCorr    .         Reflect  +   (gloves currently unavailable)
MR       ++++.     Rnd*Rage +   (boots currently unavailable)
Stlth    ++........             A - +4 amulet of reflection
HPRegen  0.44/turn              Q - ring of protection from magic
MPRegen  0.25/turn              l - ring of protection from fire

@: statue-form, corroded, studying Unarmed Combat, deflect missiles, very slow
A: (breathe power), unfitting armour, berserk 1, cold-blooded, AC +10
}: 2/15 runes: decaying, gossamer
a: End Transformation, Renounce Religion, Evoke Invisibility


You were on level 2 of the Vaults.
You worshipped Vehumet.
Vehumet was exalted by your worship.
You were not hungry.
You were a stone statue.
You visited 7 branches of the dungeon, and saw 30 of its levels.

You collected 3562 gold pieces.
You spent 1104 gold pieces at shops.

Inventory:

Hand Weapons
 a - a +4 rapier of electrocution (weapon)
Missiles
 F - 95 poisoned tomahawks (quivered)
 V - 4 throwing nets {=f}
Armour
 r - a +3 medium shield of protection (worn)
 w - a +2 pair of boots (melded)
 N - a +2 pair of gloves (melded)
 S - a +2 cloak of invisibility (worn)
 Y - a +2 hat (worn)
Magical Staves
 s - an uncursed staff of cold
Jewellery
 l - a ring of protection from fire (right hand)
 v - the amulet of Fiubuebb {Inacc rElec}
   (You found it on level 5 of the Dungeon)

   [amulet of inaccuracy]

   It reduces the accuracy of all your attacks.
   It insulates you from electricity.
 A - a +4 amulet of reflection (around neck)
 B - an uncursed ring of poison resistance
 O - the ring "Cifop" {Fire MP+9 Str-4 Dex+4}
   (You found it on level 6 of the Lair of Beasts)

   [ring of fire]

   It enhances your fire magic.
   It affects your strength (-4).
   It affects your dexterity (+4).
   It protects you from fire.
   It makes you vulnerable to cold.
   It affects your magic capacity (+9).
 Q - a ring of protection from magic (left hand)
 Z - a +5 ring of intelligence
Wands
 D - a wand of digging (9)
 I - a wand of paralysis (51)
 J - a wand of clouds (5)
 W - a wand of charming (14)
Scrolls
 c - 7 scrolls of immolation
 d - 7 scrolls of remove curse
 g - 2 scrolls of teleportation
 h - a scroll of blinking
 j - 4 scrolls of noise
 k - 5 scrolls of amnesia
 t - 3 scrolls of fog
 u - 10 scrolls of revelation
 C - 2 scrolls of vulnerability
 G - 2 scrolls of silence
 U - 2 scrolls of summoning
Potions
 b - 4 potions of haste
 f - 5 potions of might
 i - 4 potions of brilliance
 m - 3 potions of invisibility
 n - 5 potions of heal wounds
 o - 6 potions of curing
 p - 5 potions of berserk rage
 q - 6 potions of mutation
 x - a potion of cancellation
 z - 2 potions of agility
 E - 3 potions of flight
 H - a potion of resistance
 K - a potion of magic
 M - 3 potions of ambrosia
 T - 2 potions of lignification
Miscellaneous
 y - a lamp of fire
 P - a lightning rod (4/4)
 R - a sack of spiders
Comestibles
 e - 20 rations {!d}
 L - 16 chunks of flesh


   Skills:
 - Level 10.0 Fighting
 - Level 14.0 Short Blades
   Level 3.1 Polearms
 - Level 2.0 Throwing
 - Level 3.0 Dodging
 - Level 4.0 Stealth
 - Level 16.0 Shields
 - Level 12.0 Spellcasting
 + Level 9.1 Conjurations
 - Level 10.0 Charms
 - Level 13.0 Transmutations
 - Level 10.0 Air Magic
 - Level 13.0 Earth Magic
 - Level 3.0 Poison Magic
 - Level 10.0 Evocations


You had 9 spell levels left.
You knew the following spells:

 Your Spells              Type           Power        Failure   Level  Hunger
a - Magic Dart            Conj           ####         1%          1    None
b - Deflect Missiles      Chrm/Air       ######....   41%         6    ####...
c - Infusion              Chrm           ######..     1%          1    None
d - Statue Form           Tmut/Erth      ######...    13%         6    ####...
e - Orb of Destruction    Conj           ######....   65%         7    ######.
f - Iskenderun's Battles  Conj/Chrm      ######..     2%          5    ##.....
g - Mephitic Cloud        Conj/Pois/Air  #####...     1%          3    None
h - Apportation           Tloc           ##....       19%         1    None
i - Sticky Flame          Conj/Fire      ####....     8%          4    None

Your spell library contained the following spells:

 Spells                   Type           Power        Failure   Level  Hunger
 Chain Lightning          Conj/Air       ######....   99%         8    #######
 Glaciate                 Conj/Ice/Air   #####.....   100%        8    #######
 Fire Storm               Conj/Fire      ####......   100%        9    #######
 Flame Tongue             Conj/Fire      ####.        1%          1    None
 Sandblast                Erth           ######       1%          1    None
 Song of Slaying          Chrm           ######..     1%          2    None
 Swiftness                Chrm/Air       ######..     1%          2    None
 Throw Frost              Conj/Ice       ####..       1%          2    None
 Ignite Poison            Fire/Tmut/Pois #####...     1%          3    None
 Spider Form              Tmut/Pois      ###          1%          3    None
 Stone Arrow              Conj/Erth      ######       1%          3    None
 Airstrike                Air            ######....   1%          4    None
 Petrify                  Tmut/Erth      ######....   1%          4    None
 Conjure Flame            Conj/Fire      ####....     2%          3    None
 Freeze                   Ice            ##....       5%          1    None
 Ozocubu's Armour         Chrm/Ice       #####...     7%          3    None
 Regeneration             Chrm/Necr      #####.....   7%          3    None
 Spectral Weapon          Hex/Chrm       #####...     7%          3    None
 Bolt of Magma            Conj/Fire/Erth #####.....   7%          5    ##.....
 Fulminant Prism          Conj/Hex       ####......   8%          4    None
 Throw Icicle             Conj/Ice       ####....     8%          4    None
 Dazzling Orbs            Conj/Hex       ####...      9%          3    None
 Iron Shot                Conj/Erth      ######....   9%          6    ####...
 Ice Form                 Ice/Tmut       #####...     12%         4    None
 Conjure Ball Lightning   Conj/Air       ######....   16%         6    ####...
 Freezing Cloud           Ice/Air        #####...     17%         5    ##.....
 Blink Other              Tloc           ##....       19%         1    None
 Corona                   Hex            ##.....      19%         1    None
 Necrotize                Necr           ##....       19%         1    None
 Slow                     Hex            ##......     19%         1    None
 Summon Butterflies       Summ           ##......     19%         1    None
 Blink                    Tloc           N/A          26%         2    None
 Call Imp                 Summ           ##....       26%         2    None
 Ensorcelled Hibernation  Hex/Ice        ##....       26%         2    None
 Sublimation of Blood     Necr           ##........   26%         2    None
 Confuse                  Hex            ##......     47%         3    None
 Portal Projectile        Tloc           ##....       47%         3    None
 Teleport Other           Tloc           ##......     47%         3    None
 Tukima's Dance           Hex            ##......     47%         3    None
 Vampiric Draining        Necr           ##........   47%         3    None
 Silence                  Hex/Air        #####.....   54%         5    ##.....
 Bolt of Cold             Conj/Ice       ####......   69%         6    ####...
 Agony                    Necr           ##......     87%         4    None
 Animate Dead             Necr           N/A          87%         4    None
 Cause Fear               Hex            ##........   87%         4    None
 Summon Ice Beast         Ice/Summ       ##......     87%         4    None
 Dispel Undead            Necr           ##......     99%         5    ##.....
 Metabolic Englaciation   Hex/Ice        ##........   99%         5    ##.....
 Passage of Golubria      Tloc           N/A          99%         5    ##.....
 Summon Demon             Summ           ##........   99%         5    ##.....
 Ozocubu's Refrigeration  Ice            ##........   99%         6    ####...
 Simulacrum               Ice/Necr       ##......     100%        6    ####...
 Virulence                Hex/Pois       ###.....     100%        6    ####...
 Spellforged Servitor     Conj/Summ      ####......   100%        7    ######.
 Tornado                  Tloc/Air       #####.....   100%        8    #######
 Shatter                  Erth           ######....   100%        9    #######


Dungeon Overview and Level Annotations

Branches:
Dungeon (12/12)            Temple (0/1) D:6            Lair (6/6) D:8
  Swamp (3/3) Lair:2       Spider (3/3) Lair:2        Slime (0/5) Orc
    Orc (1/1) D:8             Elf (3/3) Lair:6       Vaults (2/3) D:12
 Depths (0/5) D:12
  Crypt: Vaults:1-2

Altars:
Cheibriados
Elyvilon
Fedhas
Gozag
Hepliaklqana
Lugonu
Makhleb
Qazlal
Ru
Trog
Wu Jian
Xom
Yredelemnul
The Shining One
Jiyva

Shops:
D:9 *   Orc (=[*   Vaults:1 :   Vaults:2 :

Annotations:
D:10 Frances
Lair:2 3 runed translucent doors, Gokhlavi's ghost, journeyman DsFi
Lair:3 exclusion: 2 oklob plants
Lair:6 foxfromabyss's ghost, journeyman OpTm
Swamp:1 1 runed translucent door, Finalfun's ghost, journeyman DsAK
Spider:2 exclusion: orange crystal statue
Spider:3 exclusion: orange crystal statue
Elf:1 Roxanne
Vaults:1 3 runed translucent doors, Burana's ghost, adept VSAc


Innate Abilities, Weirdness & Mutations

((You can breathe bolts of dispelling energy.))
((Your rich purple scales are hard. (AC +10)))
You cannot fit into any form of body armour.
You are cold-blooded and may be slowed by cold attacks.
You tend to lose your temper in combat.


Message History

You hit the vault warden but do no damage.
Lightning courses through the vault warden!
The vault warden is severely wounded.
The vault warden seems less confused.
The ogre mage hits you with a +0 flail!
* * * LOW HITPOINT WARNING * * *
The vault warden hits you with a +0 broad axe!!
* * * LOW HITPOINT WARNING * * *
You hit the vault warden but do no damage.
Lightning courses through the vault warden!
The vault warden is severely wounded.
You block the brown very ugly thing's attack.
The vault sentinel hits the brown very ugly thing with a cursed -1 arbalest.
The ogre mage casts a spell at you.
The iron shot reflects off an invisible shield around you!
The iron shot hits the ogre mage!!!
You closely miss the ogre mage.
You tail-slap the ogre mage, but do no damage.
The ogre mage is almost dead.
The brown very ugly thing kicks you!
You die...

############ #...#
∩..........# #...#
...........# #...#
......<....# #...#
...........###+####
...........+.)))..#
...........+..))..#
############......#
#....8p# #...puO#
#...p†.# #......#
######+# ... ...
.... .....


You could see an ironheart preserver (confused), a brown very ugly thing, a
vault warden, an ogre mage and a vault sentinel (confused).

Vanquished Creatures
  Mara (Swamp:3)
  Saint Roka (Elf:3)
  Donald (Elf:3)
  3 orc warlords
  4 vault wardens (Vaults:1)
  3 deep elf sorcerers (Elf:3)
  3 emperor scorpions
  A juggernaut skeleton (D:12)
  Aizul (Elf:3)
  4 ghost moths
  3 very ugly things
  3 ironheart preservers
  The ghost of Morbidden the Nimble, a journeyman FrAc of Qazlal (Lair:6)
  A deep elf demonologist (Elf:1)
  7 deep elf annihilators
  2 entropy weavers
  3 spark wasps
  A deep elf death mage (Elf:3)
  Snorg (D:12)
  2 green deaths (Swamp:3)
  A fire dragon (Vaults:1)
  2 deep elf high priests (Elf:3)
  2 yaktaur captains
  Harold (Orc)
  14 hydras
  A hell beast (Swamp:3)
  An ice dragon (Vaults:2)
  4 alligators
  3 catoblepae (Lair:6)
  3 shambling mangroves
  3 ogre magi (Vaults:1)
  2 death oozes (Swamp:3)
  9 two-headed ogres (Vaults:1)
  25 dancing weapons
  2 tengu warriors
  21 death yaks
  A queen ant (Lair:4)
  2 thrashing horrors (Swamp:3)
  4 orc high priests (Orc)
  24 deep elf knights
  13 centaur warriors
  3 skeletal warriors
  The ghost of kuniqs the Basher, a novice FoFi (D:6)
  2 goliath frogs
  An unseen horror (D:11)
  3 spriggan druids
  7 swamp dragons
  A flayed ghost (D:12)
  8 deep elf archers
  3 orc knights (Orc)
  A wolf spider zombie (D:11)
  7 cyclopes
  An ironheart convoker (Vaults:1)
  3 wizards (Vaults:1)
  Pikel (D:8)
  49 deep elf magi
  5 lindwurms
  3 necromancers
  3 orc sorcerers (Orc)
  17 orb spiders
  15 ugly things
  21 wolf spiders
  A faun (shapeshifter) (Elf:1)
  The ghost of foxfromabyss the Skirmisher, a novice OgFi of Okawaru (D:3)
  2 manticores (Lair:6)
  8 elephants
  A moth of wrath (Spider:3)
  2 vault sentinels (Vaults:1)
  5 will-o'-wisps (Swamp:1)
  5 black mambas
  2 molten gargoyles (Lair:5)
  9 demonic crawlers
  14 cane toads
  13 jumping spiders
  2 torpor snails
  A yaktaur zombie (D:12)
  12 yaktaurs
  2 efreet
  6 komodo dragons
  A yaktaur (shapeshifter) (Vaults:2)
  A freezing wraith (Vaults:2)
  4 rime drakes
  A guardian mummy (D:12)
  7 trolls
  5 tengu conjurers
  2 tyrant leeches (Swamp:3)
  15 hornets
  2 polar bears
  A queen bee (D:10)
  19 blink frogs
  A harpy skeleton (D:12)
  12 bog bodies
  27 slime creatures
  2 fire dragon zombies (D:12)
  4 dream sheep (Lair:5)
  A large abomination (Swamp:3)
  Grum (Lair:4)
  11 hippogriffs
  3 shadows (Swamp:3)
  A water elemental (Elf:2)
  2 air elementals
  A wyvern (D:10)
  41 yaks
  2 wraiths
  6 spriggans
  13 tarantellas
  7 basilisks
  4 hungry ghosts
  A steam dragon (D:10)
  14 vampire mosquitoes
  26 redbacks
  2 fire elementals
  3 wargs
  12 swamp worms
  An acid dragon (D:11)
  10 crocodiles
  3 water moccasins
  4 swamp drakes
  13 soldier ants
  3 porcupines
  6 ice beasts
  38 orc warriors
  2 phantoms
  4 sky beasts
  A hornet zombie (D:9)
  A black bear (D:6)
  8 boggarts
  8 wolves
  17 ogres
  2 small abominations (Swamp:3)
  3 kobold brigands
  6 bullfrogs
  A wyvern zombie (D:7)
  2 earth elementals
  9 centaurs
  A scorpion (D:10)
  A human simulacrum (Vaults:2)
  19 killer bees
  7 wights
  4 howler monkeys
  An electric eel (Elf:2)
  21 orc priests
  4 crimson imps
  A bullfrog zombie (D:6)
  4 lava snakes (Lair:5)
  Crazy Yiuf (D:2)
  9 hounds
  24 orc wizards
  A bullfrog skeleton (D:8)
  5 jellies
  2 iguanas
  4 polar bear simulacra (D:11)
  43 worker ants
  4 wolf simulacra (D:11)
  A yak simulacrum (D:11)
  A porcupine skeleton (D:10)
  2 hound zombies
  Robin (D:2)
  A hound skeleton (D:8)
  2 howler monkey skeletons (D:9)
  A worker ant zombie (D:6)
  7 gnolls (D:3)
  12 adders
  3 shadow imps
  2 oozes (Orc)
  2 adder zombies
  An adder skeleton (D:4)
  2 worms (D:2)
  3 dart slugs
  6 leopard geckos
  73 orcs
  3 giant cockroaches
  2 gnoll zombies (D:7)
  17 goblins
  8 hobgoblins
  8 jackals
  2 quokkas
  5 bats
  A frilled lizard (D:1)
  A jackal zombie (D:5)
  11 kobolds
  A quokka skeleton (D:4)
  A quokka zombie (D:5)
  3 rats
  2 river rat simulacra (D:11)
  A butterfly (Lair:2)
1164 creatures vanquished.

Vanquished Creatures (collateral kills)
  A tengu warrior (Elf:2)
  A wolf spider (Spider:3)
  A soldier ant (Lair:4)
  2 killer bees (D:10)
5 creatures vanquished.

Vanquished Creatures (others)
  A deep elf knight (Elf:3)
  A deep elf archer (Elf:3)
  4 deep elf magi
  4 yaktaurs
  An orc warrior (Orc)
  A centaur (D:11)
  A lava snake (Lair:5)
  A worker ant (D:10)
  2 orcs (Orc)
  A kobold (D:11)
  A bush (Lair:4)
  8 fungi
  22 plants
  3 withered plants (D:12)
51 creatures vanquished.

Grand Total: 1220 creatures vanquished

Notes
Turn   | Place    | Note
-------+----------+-------------------------------------------
     0 | D:1      | Grijm the Draconian Reaver began the quest for the Orb.
     0 | D:1      | Reached XP level 1. HP: 19/19 MP: 3/3
   242 | D:1      | Reached XP level 2. HP: 21/26 MP: 5/5
   526 | D:1      | Reached skill level 1 in Short Blades
   922 | D:2      | Reached XP level 3. HP: 27/33 MP: 6/6
   979 | D:2      | Found a runed door.
  1153 | D:2      | Noticed Robin
  1167 | D:2      | Reached * piety under Vehumet
  1167 | D:2      | Offered knowledge of Sandblast by Vehumet.
  1310 | D:2      | Killed Robin
  1460 | D:2      | Found a snail-covered altar of Cheibriados.
  1588 | D:2      | Reached XP level 4. HP: 29/40 MP: 7/7
  1712 | D:2      | Found a glowing golden altar of the Shining One.
  2117 | D:3      | Found a transporter.
  2130 | D:3      | Noticed foxfromabyss's ghost (novice OgFi)
  2194 | D:3      | Found a corrupted altar of Lugonu.
  2567 | D:3      | Found a bloodstained altar of Trog.
  2621 | D:3      | Found a transporter.
  3076 | D:4      | Reached XP level 5. HP: 42/46 MP: 8/8
  3117 | D:4      | Offered knowledge of Throw Frost by Vehumet.
  3249 | D:4      | Noticed Pikel
  3437 | D:4      | Reached skill level 5 in Short Blades
  3553 | D:4      | Reached ** piety under Vehumet
  3706 | D:4      | Reached XP level 6. HP: 52/52 MP: 9/9
  3877 | D:4      | Found a white marble altar of Elyvilon.
  4358 | D:4      | Found a white marble altar of Elyvilon.
  4833 | D:4      | Learned a level 2 spell: Throw Frost
  4834 | D:5      | Entered Level 5 of the Dungeon
  4834 | D:5      | Found a sacrificial altar of Ru.
  4855 | D:5      | Got a clouded crystal amulet
  5066 | D:5      | Learned a level 5 spell: Iskenderun's Battlesphere
  5329 | D:5      | Your scales start taking on a rich purple colour.
  5329 | D:5      | Reached XP level 7. HP: 58/59 MP: 10/10
  5551 | D:5      | Found a hazy altar of Hepliaklqana.
  5976 | D:4      | Found a white marble altar of Elyvilon.
  6393 | D:6      | Found a stormy altar of Qazlal.
  6471 | D:6      | Found a blossoming altar of Fedhas.
  6546 | D:6      | Found a runed translucent door.
  6560 | D:6      | Noticed a hippogriff
  6580 | D:6      | Killed a hippogriff
  6581 | D:6      | Reached XP level 8. HP: 25/66 MP: 11/11
  6627 | D:6      | Noticed kuniqs's ghost (novice FoFi)
  6736 | D:6      | Found a stormy altar of Qazlal.
  6737 | D:6      | Noticed an air elemental
  6757 | D:6      | Found a staircase to the Ecumenical Temple.
  6830 | D:6      | Learned a level 1 spell: Infusion
  7086 | D:6      | Found a burning altar of Makhleb.
  7160 | D:6      | Reached skill level 10 in Short Blades
  7203 | D:6      | Reached skill level 1 in Charms
  7504 | D:7      | Offered knowledge of Stone Arrow by Vehumet.
  7535 | D:7      | Reached XP level 9. HP: 73/73 MP: 10/15
  7557 | D:7      | Reached skill level 5 in Fighting
  7673 | D:7      | Found a basalt altar of Yredelemnul.
  7700 | D:7      | Found a sacrificial altar of Ru.
  7745 | D:7      | Reached *** piety under Vehumet
  7748 | D:7      | Noticed a troll
  7799 | D:7      | Killed a troll
  8109 | D:7      | Identified the cursed amulet of Fiubuebb {Inacc rElec} (You
                  | found it on level 5 of the Dungeon)
  8152 | D:7      | Reached skill level 5 in Charms
  8156 | D:7      | Reached skill level 1 in Shields
  8195 | D:7      | Found a bloodstained altar of Trog.
  8380 | D:7      | Offered knowledge of Mephitic Cloud by Vehumet.
  8386 | D:7      | Learned a level 3 spell: Mephitic Cloud
  8526 | D:7      | Noticed a centaur warrior
  8540 | D:7      | Killed a centaur warrior
  8541 | D:7      | Reached skill level 2 in Shields
  8541 | D:7      | Reached skill level 1 in Air Magic
  8541 | D:7      | Reached skill level 1 in Poison Magic
  8812 | D:8      | Reached skill level 3 in Shields
  8812 | D:8      | Reached XP level 10. HP: 78/83 MP: 2/16
  8898 | D:8      | Found a staircase to the Orcish Mines.
  8989 | D:8      | Killed Pikel
  8990 | D:8      | Reached skill level 4 in Shields
  9011 | D:8      | Reached **** piety under Vehumet
  9018 | D:8      | Offered knowledge of Airstrike by Vehumet.
  9050 | D:8      | Found a staircase to the Lair.
  9089 | D:8      | Reached skill level 5 in Conjurations
  9318 | D:8      | Found an opulent altar of Gozag.
  9735 | Lair:1   | Entered Level 1 of the Lair of Beasts
  9746 | Lair:1   | Reached skill level 1 in Stealth
  9749 | Lair:1   | Reached skill level 1 in Throwing
  9794 | Lair:1   | Reached XP level 11. HP: 58/97 MP: 3/17
 10158 | Lair:1   | Reached ***** piety under Vehumet
 10158 | Lair:1   | Offered knowledge of Poison Arrow by Vehumet.
 10779 | Lair:2   | Reached skill level 10 in Fighting
 10779 | Lair:2   | Reached skill level 1 in Evocations
 10875 | Lair:2   | Found a runed translucent gate.
 10899 | Lair:2   | Found a staircase to the Swamp.
 11082 | Lair:2   | Found a hole to the Spider Nest.
 11160 | Lair:2   | Reached skill level 5 in Evocations
 11190 | Lair:2   | Learned a level 6 spell: Statue Form
 11302 | Lair:2   | Noticed a lindwurm
 11307 | Lair:2   | Noticed a lindwurm
 11308 | Lair:2   | Noticed a lindwurm
 11308 | Lair:2   | Killed a lindwurm
 11309 | Lair:2   | Reached skill level 5 in Spellcasting
 11310 | Lair:2   | Noticed a lindwurm
 11311 | Lair:2   | Killed a lindwurm
 11317 | Lair:2   | Killed a lindwurm
 11318 | Lair:2   | Reached skill level 1 in Transmutations
 11318 | Lair:2   | Reached skill level 1 in Earth Magic
 11319 | Lair:2   | Killed a lindwurm
 11494 | Lair:2   | Found a runed translucent gate.
 11494 | Lair:2   | Found a runed translucent gate.
 11498 | Lair:2   | Noticed Gokhlavi's ghost (journeyman DsFi)
 12001 | Lair:2   | Found a viscous altar of Jiyva.
 12147 | Lair:3   | Noticed an oklob plant
 12147 | Lair:3   | Noticed an oklob plant
 12545 | Lair:3   | Noticed a death yak
 12545 | Lair:3   | Noticed a death yak
 12545 | Lair:3   | Noticed a death yak
 12565 | Lair:3   | Noticed a death yak
 12568 | Lair:3   | Noticed a death yak
 12576 | Lair:3   | Killed a death yak
 12761 | Lair:3   | Killed a death yak
 12762 | Lair:3   | Reached XP level 12. HP: 68/106 MP: 19/21
 12871 | Lair:3   | Noticed a death yak
 13011 | Lair:2   | Killed a death yak
 13012 | Lair:2   | Reached skill level 5 in Transmutations
 13012 | Lair:2   | Reached skill level 5 in Earth Magic
 13566 | Lair:3   | Killed a death yak
 13579 | Lair:3   | Killed a death yak
 13588 | Lair:3   | Killed a death yak
 13949 | Lair:4   | Noticed Grum
 14111 | Lair:4   | Killed Grum
 14803 | Lair:4   | Offered knowledge of Lee's Rapid Deconstruction by Vehumet.
 15457 | Lair:4   | Noticed a queen ant
 15478 | Lair:4   | Killed a queen ant
 15534 | Lair:4   | Reached XP level 13. HP: 66/113 MP: 22/22
 16580 | Lair:5   | Reached skill level 10 in Transmutations
 16580 | Lair:5   | Reached skill level 10 in Earth Magic
 17332 | Lair:6   | Entered Level 6 of the Lair of Beasts
 17682 | Lair:6   | Offered knowledge of Bolt of Draining by Vehumet.
 18354 | Lair:6   | Found a runed translucent gate.
 18354 | Lair:6   | Found a runed translucent gate.
 18355 | Lair:6   | Found a runed translucent gate.
 18356 | Lair:6   | Noticed foxfromabyss's ghost (journeyman OpTm)
 18364 | Lair:6   | Noticed Morbidden's ghost (journeyman FrAc)
 18543 | Lair:6   | Reached XP level 14. HP: 81/121 MP: 21/26
 18705 | Lair:6   | Found a staircase to the Elven Halls.
 19871 | Lair:6   | Got an ancient bone ring
 19947 | Lair:6   | Identified the ring "Cifop" {Fire MP+9 Str-4 Dex+4} (You
                  | found it on level 6 of the Lair of Beasts)
 20157 | D:2      | Noticed Crazy Yiuf
 20163 | D:2      | Killed Crazy Yiuf
 20274 | D:3      | Killed foxfromabyss's ghost
 20572 | D:6      | Killed kuniqs's ghost
 20899 | D:9      | Found a bloodstained altar of Trog.
 20941 | D:9      | Found Oczuum's Assorted Antiques.
 20968 | D:9      | Bought a scroll labeled CIEXIUC ZUU for 21 gold pieces
 20968 | D:9      | Bought a scroll of teleportation for 63 gold pieces
 21531 | D:9      | Found an ornate altar of the Wu Jian Council.
 21563 | D:10     | Entered Level 10 of the Dungeon
 21881 | D:10     | Noticed Frances
 22156 | D:10     | Reached skill level 10 in Spellcasting
 22506 | Orc      | Entered the Orcish Mines
 22517 | Orc      | Found a roughly hewn altar of Beogh.
 22687 | Orc      | Noticed Harold
 22708 | Orc      | Killed Harold
 22708 | Orc      | Offered knowledge of Bolt of Fire by Vehumet.
 22882 | Orc      | Noticed an orc warlord
 22911 | Orc      | Killed an orc warlord
 23311 | Orc      | Found a viscous altar of Jiyva.
 23312 | Orc      | Found a staircase to the Slime Pits.
 23400 | Orc      | Found a viscous altar of Jiyva.
 23562 | Orc      | Reached ****** piety under Vehumet
 23569 | Orc      | Offered knowledge of Orb of Destruction by Vehumet.
 23630 | Orc      | Learned a level 7 spell: Orb of Destruction
 24075 | Orc      | Paralysed by a chaos spawn for 3 turns
 24306 | Orc      | Found Danguok's General Store.
 24308 | Orc      | Found Wuse's Jewellery Shoppe.
 24310 | Orc      | Found Sowados's Antique Armour Shoppe.
 24310 | Orc      | Found Souf Soc's Antique Weapon Emporium.
 24326 | Orc      | Bought a runed hat for 175 gold pieces
 24577 | Orc      | Bought a book of the Sky for 845 gold pieces
 24584 | Orc      | Learned a level 6 spell: Deflect Missiles
 24690 | D:10     | Reached XP level 15. HP: 126/126 MP: 29/29
 25475 | Spider:1 | Entered Level 1 of the Spider Nest
 26935 | Spider:2 | Learned a level 1 spell: Apportation
 27442 | Spider:3 | Entered Level 3 of the Spider Nest
 27746 | Spider:2 | Killed a ghost moth
 27820 | Spider:2 | Learned a level 4 spell: Sticky Flame
 28097 | Spider:2 | Noticed a ghost moth
 28103 | Spider:2 | Killed a ghost moth
 28427 | Spider:2 | Noticed a ghost moth
 28436 | Spider:2 | Killed a ghost moth
 28437 | Spider:2 | Reached skill level 5 in Air Magic
 30077 | Spider:3 | Offered knowledge of Conjure Ball Lightning by Vehumet.
 30883 | Spider:3 | Reached XP level 16. HP: 119/134 MP: 26/31
 32306 | Spider:3 | Got a fine morningstar
 32372 | Spider:3 | Identified the +9 morningstar "Juos" {vamp, Dex+7} (You
                  | found it on level 3 of the Spider Nest)
 32549 | Spider:3 | Got a gossamer rune of Zot
 32868 | Swamp:1  | Entered Level 1 of the Swamp
 32919 | Swamp:1  | Found a runed translucent door.
 32923 | Swamp:1  | Noticed Finalfun's ghost (journeyman DsAK)
 33373 | Swamp:1  | Reached skill level 10 in Evocations
 34251 | Swamp:2  | Reached skill level 5 in Shields
 35282 | Swamp:3  | Entered Level 3 of the Swamp
 35304 | Swamp:3  | Offered knowledge of Mana Rupture by Vehumet.
 35596 | Swamp:3  | Reached skill level 10 in Charms
 35618 | Swamp:3  | Reached skill level 6 in Shields
 35646 | Swamp:3  | Noticed Mara
 35820 | Swamp:3  | Noticed Grijm's illusion
 35823 | Swamp:3  | Killed Mara
 35946 | Swamp:3  | Reached skill level 7 in Shields
 36667 | Swamp:3  | Reached skill level 9 in Shields
 36667 | Swamp:3  | Reached XP level 17. HP: 140/140 MP: 33/33
 36713 | Swamp:3  | Reached XP level 18. HP: 147/147 MP: 32/34
 37053 | Swamp:3  | Reached skill level 10 in Air Magic
 37104 | Swamp:3  | Reached skill level 10 in Shields
 37114 | Swamp:3  | Offered knowledge of Fire Storm by Vehumet.
 37114 | Swamp:3  | Offered knowledge of Glaciate by Vehumet.
 37114 | Swamp:3  | Offered knowledge of Chain Lightning by Vehumet.
 37380 | Swamp:3  | Got a decaying rune of Zot
 37608 | D:9      | Upgraded the game from bcrawl-1.39.1 to bcrawl-1.39.2
 38247 | D:11     | Reached skill level 11 in Shields
 39146 | D:12     | Entered Level 12 of the Dungeon
 39244 | D:12     | Noticed Snorg
 39249 | D:12     | Killed Snorg
 39525 | D:12     | Found a gate to the Vaults.
 39640 | D:12     | Found a staircase to the Depths.
 39651 | D:12     | Reached skill level 12 in Shields
 39905 | D:12     | Found a shimmering altar of Xom.
 40411 | Elf:1    | Entered Level 1 of the Elven Halls
 41317 | Elf:1    | Noticed Roxanne
 41819 | Elf:1    | Identified the Handbook of Confrontation and Companions
 41865 | Elf:2    | Reached skill level 13 in Shields
 42630 | Elf:2    | Found a runed gate.
 42631 | Elf:2    | Found a runed gate.
 42631 | Elf:2    | Found a runed gate.
 42980 | Elf:2    | Reached XP level 19. HP: 131/154 MP: 31/35
 43821 | Elf:3    | Entered Level 3 of the Elven Halls
 43858 | Elf:3    | Reached skill level 14 in Shields
 43897 | Elf:3    | Noticed Saint Roka
 44351 | Elf:3    | Noticed Donald
 44367 | Elf:3    | Killed Donald
 44462 | Elf:3    | Noticed Aizul
 44479 | Elf:3    | Killed Aizul
 45188 | Elf:3    | Identified the +6 hand axe of the Freezing Saviour {speed,
                  | Fragile +Blink rC++}
 45188 | Elf:3    | Identified the ring "Aptome" {EV+5 Stlth+}
 45191 | Elf:3    | Identified the ring "Qemaext" {MP+9 Int+9}
 45202 | Elf:3    | Killed Saint Roka
 45219 | Elf:3    | Noticed a Shadow Fiend
 45235 | Elf:3    | Gained mutation: You tend to lose your temper in combat. [a
                  | cacodemon]
 45923 | Lair:6   | Killed Morbidden's ghost
 45924 | Lair:6   | Reached skill level 15 in Shields
 46260 | Vaults:1 | Entered Level 1 of the Vaults
 46717 | Vaults:1 | Found Botey's Book Boutique.
 46960 | Vaults:1 | Found a sacrificial altar of Ru.
 47250 | Vaults:1 | Learned a level 1 spell: Magic Dart
 47313 | Vaults:1 | Reached skill level 16 in Shields
 47476 | Vaults:1 | Found a runed translucent gate.
 47476 | Vaults:1 | Found a runed translucent gate.
 47476 | Vaults:1 | Found a runed translucent gate.
 47479 | Vaults:1 | Noticed Burana's ghost (adept VSAc)
 47707 | Vaults:1 | Reached XP level 20. HP: 161/161 MP: 36/36
 48220 | Vaults:2 | Found Rurchiuc's Book Boutique.
 48341 | Vaults:2 | HP: 7/209 [vault warden/+0 broad axe (31)]
 48343 | Vaults:2 | Mangled by a brown very ugly thing

Skill      XL: |  1  2  3  4  5  6  7  8  9 10 11 12 13 14 15 16 17 18 19 20 |
---------------+-------------------------------------------------------------+-----
Dodging        | 3 |  3.0
Short Blades   | 1 2 3 5 6 9 10 12 14 | 14.0
Fighting       | 4 6 9 10 | 10.0
Spellcasting   | 4 6 8 10 11 12 | 12.0
Charms         | 4 6 8 10 | 10.0
Conjurations   | 4 5 6 9 |  9.1
Shields        | 3 4 9 13 16 | 16.0
Air Magic      | 2 3 6 9 10 | 10.0
Poison Magic   | 2 3 |  3.0
Stealth        | 3 4 |  4.0
Throwing       | 2 |  2.0
Evocations     | 5 7 9 10 | 10.0
Transmutations | 4 8 11 12 13 | 13.0
Earth Magic    | 4 8 11 12 13 | 13.0
Polearms       | |  3.1

Action                   |  1- 3 |  4- 6 |  7- 9 | 10-12 | 13-15 | 16-18 | 19-21 || total
-------------------------+-------+-------+-------+-------+-------+-------+-------++-------
Melee: Trident           |    50 |       |       |       |       |       |       ||    50
       Tailslap          |     9 |    16 |    29 |    82 |   213 |   229 |   166 ||   744
       Dagger            |    59 |   160 |   281 |   583 |  1575 |   882 |       ||  3540
       Staff             |       |       |       |       |       |    30 |       ||    30
       Rapier            |       |       |       |       |       |   436 |   701 ||  1137
Throw: Tomahawk          |       |       |    13 |    43 |   168 |   152 |    52 ||   428
 Cast: Throw Frost       |       |       |    21 |     1 |     4 |       |    52 ||    78
       Infusion          |       |       |    20 |    25 |    41 |    86 |       ||   172
       Mephitic Cloud    |       |       |     3 |    93 |   263 |    70 |   100 ||   529
       Iskenderun's Batt |       |       |       |     1 |     1 |       |    14 ||    16
       Statue Form       |       |       |       |       |     4 |       |     1 ||     5
       Apportation       |       |       |       |       |     4 |     4 |       ||     8
       Sticky Flame      |       |       |       |       |     3 |     9 |     5 ||    17
       Deflect Missiles  |       |       |       |       |       |     1 |       ||     1
 Abil: Breathe Dispellin |       |       |     1 |     1 |     2 |       |       ||     4
       Evoke Invisibilit |       |       |       |       |     7 |       |       ||     7
       End Transformatio |       |       |       |       |     2 |       |     1 ||     3
Evoke: Wand              |       |       |       |       |    18 |    11 |    11 ||    40
       Sack of spiders   |       |       |       |       |       |     1 |       ||     1
       Lightning rod     |       |       |       |       |       |       |     6 ||     6
  Use: Scroll            |       |     3 |    10 |     3 |    25 |    10 |     7 ||    58
       Potion            |       |       |       |     1 |    10 |     2 |       ||    13
 Stab: Sleeping          |       |     1 |       |     3 |     2 |     9 |     1 ||    16
       Confused          |       |       |     1 |    42 |   138 |    18 |    35 ||   234
       Distracted        |       |       |       |     1 |     1 |       |     1 ||     3
       Paralysed         |       |       |       |       |     8 |     9 |       ||    17
       Invisible         |       |       |       |       |    13 |       |     1 ||    14
  Eat: Chunk             |     5 |    14 |    11 |    32 |    58 |    38 |    35 ||   193
       Ration            |       |       |     2 |     3 |    10 |    13 |     1 ||    29
Armor: Skin              |    29 |    31 |    67 |    89 |   933 |   957 |   222 ||  2328
Dodge: Dodged            |    67 |    69 |    99 |   137 |   648 |   473 |   157 ||  1650
       Deflected         |       |       |       |       |       |    57 |    58 ||   115
Block: Buckler           |       |       |     6 |    65 |   370 |    26 |       ||   467
       Reflection        |       |       |       |       |     1 |    42 |    56 ||    99
       Medium shield     |       |       |       |       |       |  1007 |   560 ||  1567
